Map: [ESL] NeoHumanity

Players

Krystianer - Winner!

  • Race: Protoss Protoss
  • Spawn Location: 11:00

FightingFrog

  • Race: Protoss Protoss
  • Spawn Location: 5:00

Event: ESL SC2 Masters 2023 Summer (Finals)

VOD

Have the link to the VOD?

Description

Time

  • Played on: June 16, 2023, 9:46 a.m.
  • Length: 12:09

All games in this series

Show
View Real Time Build Order
Export as new Build Order

Krystianer Protoss - Winner!

Build Orders:  

Get SALT Encoding   

  12  0:00  Probe  
  13  0:12  Probe  
  14  0:16  Pylon  
  14  0:24  Probe (Chrono Boost)  
  16  0:36  Probe (Chrono Boost)  
  16  0:37  Gateway  
  16  0:42  Probe (Chrono Boost)  
  16  0:45  Assimilator  
  17  0:51  Probe  
  17  0:54  Assimilator  
  18  1:03  Probe (Chrono Boost)  
  19  1:08  Gateway  
  19  1:12  Probe (Chrono Boost)  
  19  1:17  Probe (Chrono Boost)  
  20  1:24  Cybernetics Core  
  21  1:29  Probe  
  22  1:35  Pylon  
  22  1:41  Probe  
  23  1:53  Probe  
  24  2:00  Stalker x2  
  28  2:02  Warp Gate  
  28  2:05  Probe  
  29  2:11  Pylon  
  29  2:23  Stargate  
  29  2:34  Robotics Facility  
  29  2:35  Stalker  
  31  2:41  Stalker  
  33  2:46  Shield Battery  
  33  2:50  Probe  
  34  3:01  Pylon  
  34  3:03  Probe  
  35  3:15  Probe  
  36  3:23  Immortal (Chrono Boost)  
  39  3:27  Probe  
  40  3:39  Probe, Gateway  
  41  3:46  Pylon  
  41  3:50  Sentry x2  
  45  4:07  Warp Prism (Chrono Boost)  
  41  4:13  Stalker x2  
  47  4:19  Pylon  
  47  4:32  Pylon  
  47  4:37  Sentry  
  49  4:41  Stalker x2  
  53  4:48  Pylon  
  53  5:03  Sentry  
  53  5:04  Stalker  
  53  5:05  Zealot  
  59  5:30  Nexus  
  57  5:38  Sentry x2  
  57  5:39  Zealot  
  57  5:42  Probe  
  60  5:58  Probe  
  60  6:00  Immortal (Chrono Boost)  
  61  6:11  Adept x2  
  61  6:14  Probe (Chrono Boost)  
  66  6:26  Probe (Chrono Boost)  
  67  6:33  Immortal  
  67  6:39  Probe (Chrono Boost)  
  71  6:42  Phoenix  
  71  6:44  Probe (Chrono Boost)  
  71  6:45  Pylon  
  70  6:56  Probe x2 (Chrono Boost)  
  71  7:02  Probe (Chrono Boost)  
  71  7:03  Twilight Council  
  71  7:04  Probe (Chrono Boost)  
  71  7:05  Shield Battery  
  73  7:11  Adept x2  
  77  7:18  Immortal (Chrono Boost)  
  81  7:29  Assimilator  
  81  7:30  Probe x2  
  81  7:34  Pylon  
  81  7:35  Phoenix, Resonating Glaives (Chrono Boost)  
  83  7:49  Gateway  
  83  7:50  Gateway  
  83  7:51  Gateway  
  83  7:59  Gateway  
  83  8:02  Adept x2  
  83  8:04  Adept  
  89  8:09  Phoenix  
  93  8:20  Pylon  
  93  8:32  Adept  
  93  8:33  Adept x2  
  95  8:37  Probe  
  95  8:39  Nexus  
  96  8:45  Probe  
  97  8:49  Probe  
  98  8:57  Sentry  
  98  8:58  Adept x4, Blink (Chrono Boost)  
  108  9:03  Pylon  
  108  9:15  Probe  
  84  9:31  Probe  
  84  9:36  Adept x7  
  88  9:57  Adept x7  
  88  9:59  Probe  
  95  10:01  Probe  
  95  10:02  Probe  
  91  10:11  Probe  
  91  10:13  Probe  
  79  10:25  Probe  
  76  10:30  Probe  
  76  10:33  Stalker x7  
  91  10:41  Forge  
  91  10:45  Probe  
  92  11:00  Stalker x5  
  102  11:08  Stalker  
  100  11:15  Gateway  
  100  11:16  Gateway  
  100  11:21  Nexus  
  96  11:44  Stalker x5  
  106  11:48  Probe  
  106  11:49  Probe  
Show
View Real Time Build Order
Export as new Build Order

FightingFrog Protoss 

Build Orders:  

Get SALT Encoding   

  12  0:00  Probe  
  13  0:12  Probe  
  14  0:17  Pylon  
  14  0:24  Probe (Chrono Boost)  
  16  0:36  Probe (Chrono Boost)  
  16  0:37  Gateway  
  16  0:43  Probe (Chrono Boost)  
  16  0:46  Assimilator  
  17  0:50  Probe  
  18  1:02  Probe  
  18  1:03  Pylon  
  19  1:06  Assimilator  
  19  1:15  Probe  
  20  1:24  Cybernetics Core  
  20  1:27  Probe  
  20  1:30  Gateway  
  21  1:39  Probe  
  24  1:51  Probe  
  25  1:58  Stalker (Chrono Boost)  
  25  1:59  Warp Gate (Chrono Boost)  
  25  2:11  Gateway  
  25  2:15  Pylon  
  25  2:18  Stalker (Chrono Boost)  
  29  2:28  Stalker (Chrono Boost)  
  29  2:36  Shield Battery  
  29  2:40  Stalker  
  30  2:51  Stalker  
  30  2:58  Stalker  
  34  3:05  Pylon  
  34  3:39  Stalker  
  34  3:40  Stalker x2  
  40  3:51  Nexus  
  30  4:11  Robotics Facility  
  30  4:14  Probe, Sentry x2  
  35  4:23  Adept, Pylon  
  37  4:27  Probe  
  38  4:39  Probe  
  38  4:42  Shield Battery  
  39  4:47  Sentry  
  39  4:49  Adept  
  43  4:57  Pylon  
  43  5:03  Immortal (Chrono Boost)  
  47  5:16  Adept  
  49  5:23  Shield Battery  
  49  5:34  Warp Prism (Chrono Boost)  
  49  5:40  Sentry  
  49  5:41  Probe  
  54  5:43  Probe  
  55  5:55  Phoenix  
  55  6:00  Immortal (Chrono Boost)  
  55  6:02  Probe  
  55  6:03  Probe  
  61  6:14  Pylon  
  61  6:21  Pylon  
  61  6:26  Probe  
  61  6:32  Probe  
  63  6:38  Probe  
  62  6:44  Probe  
  62  6:48  Twilight Council  
  62  6:49  Adept  
  62  6:50  Probe  
  62  6:53  Gateway  
  65  6:56  Probe (Chrono Boost)  
  65  6:59  Pylon  
  66  7:07  Probe (Chrono Boost)  
  68  7:08  Probe (Chrono Boost)  
  68  7:10  Observer  
  68  7:15  Probe (Chrono Boost)  
  71  7:16  Probe (Chrono Boost)  
  71  7:17  Forge  
  71  7:18  Stalker  
  71  7:19  Blink (Chrono Boost)  
  73  7:22  Probe  
  73  7:27  Probe  
  73  7:29  Pylon  
  75  7:35  Probe (Chrono Boost)  
  76  7:42  Probe (Chrono Boost), Robotics Bay  
  76  7:43  Phoenix  
  76  7:44  Assimilator  
  77  7:45  Assimilator  
  77  7:47  Probe (Chrono Boost)  
  79  7:54  Probe x2 (Chrono Boost)  
  79  7:55  Protoss Ground Weapons Level 1  
  80  8:01  Pylon  
  80  8:03  Probe  
  81  8:07  Probe, Gateway  
  82  8:15  Probe  
  87  8:26  Disruptor (Chrono Boost)  
  87  8:31  Nexus  
  87  8:32  Pylon  
  86  8:34  Probe x2  
  86  8:40  Gateway  
  88  8:46  Probe x2  
  90  8:54  Disruptor  
  90  8:55  Stalker x2  
  97  9:06  Pylon  
  97  9:07  Pylon  
  97  9:09  Stalker  
  97  9:30  Stalker x2  
  91  9:32  Probe  
  91  9:33  Disruptor (Chrono Boost)  
  91  9:34  Stalker  
  91  9:35  Stalker  
  95  9:44  Gateway  
  91  9:54  Probe x2  
  91  9:56  Stalker x2  
  86  10:02  Disruptor (Chrono Boost), Zealot x2  
  65  10:27  Zealot  
  65  10:28  Zealot x3  
  69  10:36  Probe x2  
  69  10:37  Shield Battery  
  71  10:48  Probe x2  
  71  10:49  Stalker x3  
  79  10:50  Stalker  
  80  11:00  Probe x2  
  80  11:10  Disruptor (Chrono Boost)  
  80  11:12  Probe x2  
  85  11:24  Probe x2  
  87  11:33  Nexus  
  75  11:48  Stalker x3  
  75  11:50  Probe  
  79  11:58  Stalker  
Tags
 
Add a new tag
Caveats
  • Supply blocks, unpowered buildings, or Contaminate may cause inaccurate times.
  • Supply counts are checked every 10 seconds.